 Dungeon Crawl Stone Soup version 0.20.1-1-g8b1a95d (webtiles) character file.

537 ReteAZ the Ruffian (level 7, -9/68 HPs)
             Began as a Troll Monk on Aug 20, 2017.
             Mangled by ReteAZ's ghost (13 damage)
             ... on level 4 of the Dungeon.
             The game lasted 00:03:25 (3006 turns).

ReteAZ the Ruffian (Troll Monk)                     Turns: 3006, Time: 00:03:26

Health: -9/68      AC:  5    Str: 20    XL:     7   Next: 5%
Magic:  6/6        EV: 10    Int:  8    God:
Gold:   166        SH:  0    Dex: 12    Spells: 6/6 levels left

rFire    . . .     SeeInvis .     - Unarmed
rCold    . . .     Gourm    +   (no shield)
rNeg     . . .     Faith    .   a - +0 robe
rPois    .         Spirit   .   (helmet restricted)
rElec    .         Reflect  .   (no cloak)
rCorr    .         Harm     .   (gloves unavailable)
MR       .....                  (boots unavailable)
Stlth    +.........             (no amulet)
Regen    0.7/turn               (no ring)
MPRegen  0.1/turn               (no ring)

@: heavily drained
A: unfitting armour, claws 3, fast metabolism 3, gourmand, regeneration 1,
shaggy fur 1, tough skin 2
a: no special abilities


You were on level 4 of the Dungeon.
You were full.

You visited 1 branch of the dungeon, and saw 4 of its levels.

You collected 166 gold pieces.

Inventory:

Armour
 a - a +0 robe (worn)
Jewellery
 g - a cursed -3 ring of strength {unknown}
 m - an uncursed ring of stealth {unknown}
Scrolls
 c - a scroll of noise
 d - a scroll of remove curse
 e - a scroll of teleportation
 f - 3 scrolls of identify {unknown}
 i - a scroll of immolation {unknown}
 k - 2 scrolls of magic mapping {unknown}
 l - 2 scrolls of amnesia {unknown}
 q - a scroll of fear {unknown}
Potions
 h - a potion of flight {unknown}
 n - a potion of magic {unknown}
 o - 2 potions of mutation {unknown}
 p - 2 potions of curing {unknown}
Books
 r - a book of Minor Magic

   Spells                             Type                      Level
   a - Magic Dart                     Conjuration                  1
   b - Blink                          Translocation                2
   c - Call Imp                       Summoning                    2
   d - Slow                           Hexes                        2
   e - Conjure Flame                  Conjuration/Fire             3
   f - Mephitic Cloud                 Conjuration/Poison/Air       3
Comestibles
 b - 2 bread rations
 j - 2 royal jellies


   Skills:
 + Level 3.8(1.9) Fighting
 + Level 3.9(2.0) Dodging
 - Level 1.0(0.0) Stealth
 * Level 6.2(4.2) Unarmed Combat


You had 6 spell levels left.
You didn't know any spells.

Dungeon Overview and Level Annotations

Branches:
Dungeon (4/15)
 Temple: D:4-7

Altars:
Ashenzari

Annotations:
D:4 ReteAZ's ghost, amateur TrMo


Innate Abilities, Weirdness & Mutations

You are too large for most types of armour.
You have claws for hands.
Your metabolism is lightning-fast.
You like to eat raw meat.
Your natural rate of healing is unusually fast.
You are covered in fur. (AC +1)
You have very tough skin. (AC +2)


Message History

ReteAZ's ghost hits you.
You claw ReteAZ's ghost!
ReteAZ's ghost is heavily damaged.
ReteAZ's ghost hits you!!
You claw ReteAZ's ghost!
ReteAZ's ghost is severely damaged.
ReteAZ's ghost hits you!
* * * LOW HITPOINT WARNING * * *
You barely miss ReteAZ's ghost.
ReteAZ's ghost is severely damaged.
ReteAZ's ghost hits you.
* * * LOW HITPOINT WARNING * * *
You completely miss ReteAZ's ghost.
ReteAZ's ghost is severely damaged.
ReteAZ's ghost hits you!
* * * LOW HITPOINT WARNING * * *
You closely miss ReteAZ's ghost.
ReteAZ's ghost is severely damaged.
ReteAZ's ghost hits you!
You die...

#..>...>..#.#.......#
#.##.###............$
# #.##...).........#
..#..............#
###.........#...#
#............#
#.........####
##........#####.#
##.....#@......#
##....W########
##.....## #.......#
#.........#
+.[.......'...
#.........###.
##.......## ##.....##


You could see ReteAZ's ghost.

Vanquished Creatures
  A water moccasin skeleton (D:4)
  4 wights (D:3)
  2 hounds (D:4)
  Jessica (D:3)
  A worker ant (D:4)
  Natasha (thrice) (D:3)
  4 adders
  An ooze (D:3)
  4 worms
  3 dart slugs
  4 leopard geckos
  3 orcs
  2 ball pythons
  5 bats
  2 giant cockroaches (D:2)
  6 goblins
  6 hobgoblins
  9 jackals
  8 kobolds
  2 quokkas
  4 frilled lizards
  6 rats
81 creatures vanquished.

Notes
Turn   | Place    | Note
-------+----------+-------------------------------------------
     0 | D:1      | ReteAZ the Troll Monk began the quest for the Orb.
     0 | D:1      | Reached XP level 1. HP: 22/22 MP: 0/0
   276 | D:1      | Reached XP level 2. HP: 21/29 MP: 1/1
  1023 | D:1      | Reached XP level 3. HP: 33/36 MP: 2/2
  1131 | D:2      | Reached skill level 4 in Unarmed Combat
  1415 | D:2      | Reached XP level 4. HP: 44/44 MP: 3/3
  1831 | D:3      | Noticed Jessica
  1833 | D:3      | Noticed Natasha
  1834 | D:3      | Killed Jessica
  1857 | D:3      | Killed Natasha
  1857 | D:3      | Reached XP level 5. HP: 20/53 MP: 4/4
  1934 | D:3      | Noticed Natasha
  1938 | D:3      | Killed Natasha
  2027 | D:3      | Noticed Natasha
  2040 | D:3      | Killed Natasha
  2040 | D:3      | Reached skill level 5 in Unarmed Combat
  2157 | D:3      | Reached XP level 6. HP: 14/61 MP: 5/5
  2265 | D:3      | HP: 3/61 [wight/spear (3)]
  2403 | D:3      | Found a shattered altar of Ashenzari.
  2730 | D:4      | Reached skill level 6 in Unarmed Combat
  2952 | D:4      | Reached XP level 7. HP: 57/68 MP: 6/6
  2990 | D:4      | Noticed ReteAZ's ghost (amateur TrMo)
  3006 | D:4      | Mangled by ReteAZ's ghost

Skill      XL: |  1  2  3  4  5  6 |
---------------+-------------------+-----
Unarmed Combat | 4 5 6 |  6.2
Dodging        | 3 |  3.9
Fighting       | 3 |  3.8
Stealth        | |  1.0

Action                   |  1- 3 |  4- 6 |  7- 9 || total
-------------------------+-------+-------+-------++-------
Melee: Unarmed           |   110 |   153 |    11 ||   274
       Punch             |     2 |     4 |       ||     6
  Use: Scroll            |       |     3 |       ||     3
 Stab: Sleeping          |     2 |     3 |       ||     5
  Eat: Chunk             |    17 |    12 |       ||    29
Armor: Robe              |    43 |    38 |     2 ||    83
Dodge: Dodged            |    61 |    71 |     1 ||   133
